 Dungeon Crawl Stone Soup version 0.30-a0-557-ge2afbf3030 (webtiles) character file.

Game seed: 5358501240604983818

34 Shayle the Conjurer (level 3, -1/19 (22) HPs)
             Began as a Tengu Reaver on Dec 27, 2022.
             Killed from afar by Sigmund (7 damage)
             ... with a puff of flame
             ... on level 2 of the Dungeon.
             The game lasted 00:01:49 (689 turns).

Shayle the Conjurer (Tengu Reaver)                   Turns: 689, Time: 00:01:50

HP:   -1/19 (22)    AC:  3    Str: 12    XL:     3   Next: 31%
MP:   7/7           EV: 12    Int: 15    God:
Gold: 18            SH:  0    Dex: 12    Spells: 5/6 levels left

rFire   . . .      SeeInvis .    d - +2 long sword (flame)
rCold   . . .      Faith    .    (no shield)
rNeg    . . .      Spirit   .    b - +0 leather armour
rPois   .          Reflect  .    (helmet restricted)
rElec   .          Harm     .    (no cloak)
rCorr   .          Rampage  .    (no gloves)
Will    .....                    (boots unavailable)
Stlth   +                        k - amulet of regeneration
HPRegen 1.03/turn                (no ring)
MPRegen 0.10/turn                (no ring)

@: heavily drained
A: beak, talons 3
a: no special abilities


You were on level 2 of the Dungeon.
You visited 1 branch of the dungeon, and saw 2 of its levels.

You collected 18 gold pieces.

Inventory:

Hand Weapons
 a - a +0 spear
 d - a +2 long sword of flaming (weapon)
 i - a +2 dagger of draining
Armour
 b - a +0 leather armour (worn)
Jewellery
 k - an amulet of regeneration (around neck)
Scrolls
 c - a scroll of identify {unknown}
 e - a scroll of torment {unknown}
 h - a scroll of fear {unknown}
Potions
 f - a potion of heal wounds {unknown}
 g - a potion of curing {unknown}


   Skills:
 + Level 2.4 Fighting
 - Level 3.2 Polearms
 + Level 2.6 Dodging
 + Level 2.4 Spellcasting
 - Level 4.0 Conjurations
 + Level 1.3 Necromancy


You had 5 spell levels left.
You knew the following spells:

 Your Spells              Type           Power      Damage    Failure   Level
a - Kiss of Death         Conj/Necr      36%        2d8       9%          1

Your spell library contained the following spells:

 Spells                   Type           Power      Damage    Failure   Level
 Momentum Strike          Conj/Tloc      14%        3d8       19%         2
 Hailstorm                Conj/Ice       7%         3d4       34%         3


Dungeon Overview and Level Annotations

Branches:
Dungeon (2/15)

Altars:

Annotations:
D:2 Sigmund


Innate Abilities, Weirdness & Mutations

You have a beak for a mouth.
You have claws for feet.


Message History

You kill the goblin!
You see here a +2 dagger of draining.
j - a green potion Done exploring.
(D) Dungeon
Where to? (? - help)
You see here a +0 plate armour.
There is a stone staircase leading down here.
You climb downwards.
Found a triangular citrine amulet.
There is a stone staircase leading up here.
k - an amulet of regeneration You start putting on your amulet.
You continue putting on your amulet of regeneration. x5
You finish putting on your amulet of regeneration.
The amulet throbs as it attunes itself to your uninjured body.
k - an amulet of regeneration (around neck)
You open the door.
There is an open door here.
There is an open door here.
You open the door.
There is an open door here.
Sigmund the Dreaded comes into view.
He is wielding a +3 scythe of holy wrath.
Sigmund shouts!
A frilled lizard comes into view.
Sigmund mumbles some strange words.
Sigmund flickers and vanishes!
Deactivating autopickup; reactivate with Ctrl-A.
There is an open door here.
There is a stone staircase leading up here.
Something hits you!
Ouch! That really hurt!
There is an open door here.
You miss something. Something hits you.
* * * LOW HITPOINT WARNING * * *
It was a potion of cancellation.
You feel magically purged.
You hear some strange, mumbled words.
A puff of flame appears from out of thin air!
The puff of flame hits you!
You die...

#.# ### #####.#
##...+...#.#
##....###.#.#
#......<#'#.######
.................#
#######..........#
................#
##.#####@#.######
#{#.# #.#.# #.#.#
#.#.# ..# ...#
....# .....#


There were no monsters in sight!

Vanquished Creatures
  2 dart slugs (D:1)
  4 ball pythons (D:1)
  3 endoplasms (D:1)
  4 goblins (D:1)
  3 hobgoblins (D:1)
  2 jackals (D:1)
  2 bats (D:1)
  A frilled lizard (D:1)
  3 kobolds (D:1)
  4 rats (D:1)
28 creatures vanquished.

Notes
Turn   | Place    | Note
-------+----------+-------------------------------------------
     0 | D:1      | Shayle the Tengu Reaver began the quest for the Orb.
     0 | D:1      | Reached XP level 1. HP: 12/12 MP: 4/4
   123 | D:1      | Reached XP level 2. HP: 17/17 MP: 6/6
   313 | D:1      | Reached skill level 1 in Necromancy
   393 | D:1      | Reached XP level 3. HP: 22/22 MP: 7/7
   676 | D:2      | Noticed Sigmund
   689 | D:2      | Killed from afar by Sigmund

Illustrated notes

Levels and vault maps discovered:
D:1:      saegor_arrival_simple_e, layout_rooms, serial_glass, glass_columns_a,
          glass_columns_a, glass_columns_c, glass_columns_c, glass_columns_b,
          glass_columns_c, glass_columns_b, glass_columns_a, chequers_garden
D:2:      layout_basic, nicolae_figureground_pulse, uniq_sigmund, uniq_robin

Skill      XL: |  1  2 |
---------------+-------+-----
Necromancy     | 1 |  1.3
Fighting       | |  2.4
Polearms       | |  3.2
Dodging        | |  2.6
Spellcasting   | |  2.4
Conjurations   | |  4.0

Action                   || total
-------------------------++-------
Melee: Spear             ||     8
       Long sword        ||    41
       Kick              ||     9
       Peck              ||     6
  Use: Potion            ||     1
Armor: Leather armour    ||    19
Dodge: Dodged            ||    41

Table legend: (Time is in decaauts)
 A = Elapsed time spent in this place.
 B = Non-inter-level travel time spent in this place.
 C = Inter-level travel time spent in this place.
 D = Time resting spent in this place.
 E = Time spent auto-exploring this place.
 F = Levels seen in this place.
 G = Mean time per level.
                   A        B        C        D        E       F      G
               +--------+--------+--------+--------+--------+-----+--------+
         Total |    704 |    694 |     10 |      0 |    461 |   2 |  352.0 |
       Dungeon |    704 |    694 |     10 |      0 |    461 |   2 |  352.0 |
               +--------+--------+--------+--------+--------+-----+--------+

Top non-repeatable levels by time:
     D:1: 670 daAuts
     D:2: 34 daAuts
